 Dungeon Sprint DCSS version 0.28-a0-1447-ga5a8893891 (webtiles) character file.

Game seed: 10702714123079861223

252 tatocazan the Covered (level 6, -9/42 HPs)
             Began as a Gargoyle Fighter on Jan 11, 2022.
             Was a Follower of Okawaru.
             Mangled by a gnoll sergeant (11 damage)
             ... in the Dungeon (Sprint IX: "|||||||||||||||||||||||||||||").
             The game lasted 00:01:22 (207 turns).

tatocazan the Covered (Gargoyle Fighter)             Turns: 207, Time: 00:01:24

Health: -9/42      AC: 25    Str: 25    XL:     6   Next: 13%
Magic:  5/8        EV:  9    Int:  8    God:    Okawaru [*.....]
Gold:   0          SH:  0    Dex:  9    Spells: 5/5 levels left

rFire   . . .      SeeInvis .   m - +2 dire flail (protect)
rCold   . . .      Faith    .   (shield currently unavailable)
rNeg    + . .      Spirit   .   o - +0 plate armour
rPois   ∞          Reflect  .   (no helmet)
rElec   +          Harm     .   (no cloak)
rCorr   .          Rampage  .   n - +0 pair of gloves
Will    .....      NoTele   +   (no boots)
Stlth   ..........              (no amulet)
HPRegen 0.14/turn               p - +2 ring of evasion
MPRegen 0.11/turn               q - +3 ring of strength

@: under a protective aura
A: sickness immunity, AC +4, negative energy resistance 1, electricity
resistance, torment resistance 1, petrification resistance
a: Renounce Religion, Heroism


You were in the Dungeon.
You worshipped Okawaru.
Okawaru was aware of your devotion.
You visited 1 branch

Inventory:

Hand Weapons
 a - a +0 flail
 m - a +2 dire flail of protection (weapon)
Armour
 c - a +0 buckler
 n - a +0 pair of gloves (worn)
 o - a +0 plate armour (worn)
Jewellery
 p - a +2 ring of evasion (left hand)
 q - a +3 ring of strength (right hand)
Wands
 l - a wand of iceblast (10)
Scrolls
 j - 2 scrolls of blinking
 k - 2 scrolls of amnesia
Potions
 d - a potion of might
 e - 5 potions of curing
 f - a potion of invisibility
 g - a potion of haste
 h - 4 potions of magic


   Skills:
 + Level 6.8 Fighting
 * Level 6.9 Maces & Flails
 + Level 6.9 Armour
 + Level 6.9 Shields
 + Level 3.8 Invocations


You had 5 spell levels left.
You didn't know any spells.
Your spell library was empty.

Dungeon Overview and Level Annotations

Branches:
Dungeon (1/1)

Altars:
Cheibriados
Dithmenos
Elyvilon
Fedhas
Gozag
Hepliaklqana
Kikubaaqudgha
Makhleb
Nemelex Xobeh
Okawaru
Qazlal
Ru
Sif Muna
Trog
Uskayaw
Vehumet
Wu Jian
Xom
Yredelemnul
Zin
The Shining One
Beogh
Jiyva
Lugonu


Innate Abilities, Weirdness & Mutations

You are immune to sickness and miasma.
Your stone body is resilient. (AC +4)
You are immune to poison.
You resist negative energy. (rN+)
You are resistant to electric shocks. (rElec)
You are resistant to unholy torment.
You are immune to petrification.


Message History

Okawaru is honoured by your kill.
You can now gain great but temporary skills.
Your Fighting skill increases to level 6!
Your Maces & Flails skill gained 2 levels and is now at level 6!
Your Armour skill increases to level 6!
Your Shields skill increases to level 6!
Your Invocations skill gained 2 levels and is now at level 3!
You have reached level 5!
You have reached level 6!
You regained 9 hp, and now have 39/42 hp.
Okay, then.
You hit the two-headed ogre but do no damage.
The gnoll sergeant hits you from afar with a +3 spear of flaming.
The gnoll sergeant burns you. The two-headed ogre closely misses you.
The two-headed ogre hits you with a +0 giant club!
You take 12 damage, and have 27/42 hp.
MASSIVE DAMAGE!!
You hit the two-headed ogre.
The two-headed ogre is lightly wounded.
The gnoll sergeant hits you from afar with a +3 spear of flaming.
The gnoll sergeant burns you.
The two-headed ogre hits you but does no damage. x2
You take 4 damage, and have 23/42 hp.
You impale the two-headed ogre!!
The two-headed ogre is heavily wounded.
The gnoll sergeant hits you from afar with a +3 spear of flaming.
The gnoll sergeant burns you. The two-headed ogre closely misses you.
The two-headed ogre barely misses you.
You take 8 damage, and have 15/42 hp.
You hit the two-headed ogre but do no damage.
The two-headed ogre is heavily wounded.
The gnoll sergeant hits you but does no damage.
You feel much better.
The two-headed ogre hits you with a +0 giant club! x2
* * * LOW HITPOINT WARNING * * *
The gnoll sergeant hits you but does no damage.
You take 13 damage, and have 2/42 hp.
MASSIVE DAMAGE!!
You hit the two-headed ogre but do no damage.
The two-headed ogre is heavily wounded.
The gnoll sergeant hits you from afar with a +3 spear of flaming!
You die... ▓▓▓▓▓▓▓▓▓▓▓▓▓▓▓▓▓▓▓▓▓▓▓▓ +..ZlgO@[..[..)..'______ ▓▓▓▓▓▓▓▓▓▓▓▓▓▓▓▓▓▓▓▓▓▓▓▓

You could see a two-headed ogre, a wyvern, a gnoll sergeant and a quokka zombie.

Vanquished Creatures
  A wraith (D)
  An orc priest (D)
  A jelly (D)
  An orc wizard (D)
  An adder zombie (D)
  2 dart slugs (D)
  An orc (D)
  A bat (D)
  An endoplasm (D)
  A frilled lizard (D)
  A rat (D)
12 creatures vanquished.

Notes
Turn   | Place    | Note
-------+----------+-------------------------------------------
     0 | D        | tatocazan the Gargoyle Fighter began the quest for the Orb.
     0 | D        | Reached XP level 1. HP: 14/14 MP: 1/1
    11 | D        | Banished a spatial maelstrom
    26 | D        | Reached XP level 2. HP: 19/20 MP: 2/2
    70 | D        | Reached XP level 3. HP: 24/24 MP: 3/3
    74 | D        | Reached skill level 5 in Fighting
    74 | D        | Reached skill level 5 in Armour
    74 | D        | Reached skill level 5 in Shields
    74 | D        | Reached XP level 4. HP: 31/31 MP: 4/4
    85 | D        | Found a snail-covered altar of Cheibriados.
    85 | D        | Found a shadowy altar of Dithmenos.
    85 | D        | Found a white marble altar of Elyvilon.
    85 | D        | Found a blossoming altar of Fedhas.
    85 | D        | Found an opulent altar of Gozag.
    86 | D        | Found a hazy altar of Hepliaklqana.
    87 | D        | Found a viscous altar of Jiyva.
    88 | D        | Found an ancient bone altar of Kikubaaqudgha.
    89 | D        | Found a corrupted altar of Lugonu.
    90 | D        | Found a burning altar of Makhleb.
    91 | D        | Found a sparkling altar of Nemelex Xobeh.
    92 | D        | Found an iron altar of Okawaru.
    93 | D        | Found a stormy altar of Qazlal.
    94 | D        | Found a sacrificial altar of Ru.
    95 | D        | Found a shimmering blue altar of Sif Muna.
    96 | D        | Found a bloodstained altar of Trog.
    97 | D        | Found a hide-covered altar of Uskayaw.
    98 | D        | Found a radiant altar of Vehumet.
    99 | D        | Found an ornate altar of the Wu Jian Council.
   100 | D        | Found a shimmering altar of Xom.
   101 | D        | Found a basalt altar of Yredelemnul.
   102 | D        | Found a glowing silver altar of Zin.
   103 | D        | Found a glowing golden altar of the Shining One.
   136 | D        | Became a worshipper of Warmaster Okawaru
   191 | D        | Noticed a wyvern
   191 | D        | Noticed a gnoll sergeant
   191 | D        | Noticed a two-headed ogre
   191 | D        | Noticed a wraith
   197 | D        | Reached skill level 1 in Invocations
   201 | D        | Killed a wraith
   201 | D        | Reached * piety under Okawaru
   202 | D        | Reached XP level 5. HP: 35/37 MP: 4/7
   202 | D        | Reached XP level 6. HP: 39/42 MP: 4/8
   206 | D        | HP: 2/42 [two-headed ogre (17)]
   207 | D        | Mangled by a gnoll sergeant

Illustrated notes

Levels and vault maps discovered:
D:        linesprint [early_d, line_temple, items_1, d_10, items_2, lair_1,
          lair_end, items_3, orc_1, orc_end, items_4, d_15, swamp_1, shoals_1,
          snake_1, spider_1, d_20, vaults_1, items_5, swamp_end, shoals_end,
          snake_end, spider_end, vaults_end, d_27, items_6, zot_1, zot_end,
          crypt_end, forest_end, elf_end, slime_end, tomb_end, abyss_end,
          pan_hell_end]

Skill      XL: |  1  2  3  4 |
---------------+-------------+-----
Fighting       | 4 5 6 |  6.8
Armour         | 4 5 6 |  6.9
Shields        | 4 5 6 |  6.9
Maces & Flails | 3 4 6 |  6.9
Invocations    | 3 |  3.8

Action                   |  1- 3 |  4- 6 || total
-------------------------+-------+-------++-------
Melee: Flail             |    41 |     6 ||    47
       Dire flail        |       |    13 ||    13
  Use: Potion            |     2 |     2 ||     4
Armor: Scale mail        |    21 |     2 ||    23
       Plate armour      |       |     6 ||     6
Dodge: Dodged            |    16 |     8 ||    24
Block: Buckler           |     3 |       ||     3

Table legend: (Time is in decaauts)
 A = Elapsed time spent in this place.
 B = Non-inter-level travel time spent in this place.
 C = Inter-level travel time spent in this place.
 D = Time resting spent in this place.
 E = Time spent auto-exploring this place.
 F = Levels seen in this place.
 G = Mean time per level.
                   A        B        C        D        E       F      G
               +--------+--------+--------+--------+--------+-----+--------+
         Total |    227 |    227 |      0 |      0 |     22 |   1 |  227.0 |
       Dungeon |    227 |    227 |      0 |      0 |     22 |   1 |  227.0 |
               +--------+--------+--------+--------+--------+-----+--------+

Top non-repeatable levels by time:
       D: 227 daAuts
